 Dungeon Crawl Stone Soup version 0.23.0 (webtiles) character file.

Game seed: 14931568238002155369

14468 bananamassacre the Cleaver (level 11, -5/102 HPs)
             Began as a Minotaur Berserker on Feb 11, 2019.
             Was an Elder of Trog.
             Slain by Josephine
             ... wielding a +0 dagger
              (9 damage)
             ... on level 5 of the Lair of Beasts on Feb 12, 2019.
             The game lasted 00:53:43 (9884 turns).

bananamassacre the Cleaver (Minotaur Berserker)     Turns: 9884, Time: 00:53:44

Health: -5/102     AC: 14    Str: 27    XL:     11   Next: 89%
Magic:  10/10      EV: 14    Int: 13    God:    Trog [****..]
Gold:   385        SH:  0    Dex: 10    Spells: 10/10 levels left

rFire    . . .     SeeInvis .   w - +2 spear (chaos)
rCold    . . .     Gourm    .   (no shield)
rNeg     + . .     Faith    .   f - +5 ring mail "Rorrox" {rElec Int+9}
rPois    .         Spirit   .   (helmet restricted)
rElec    +         Reflect  .   (no cloak)
rCorr    .         Harm     .   i - +0 pair of gloves
MR       ++...                  (no boots)
Stlth    +.........             (no amulet)
HPRegen  1.27/turn              g - ring of positive energy (curse)
MPRegen  0.12/turn              C - +2 ring of strength

@: regenerating, slowed, very slow
A: retaliatory headbutt, horns 2
a: Berserk, Trog's Hand, Brothers in Arms, Renounce Religion


You were on level 5 of the Lair of Beasts.
You worshipped Trog.
Trog was greatly pleased with you.
You were near starving.

You visited 2 branches of the dungeon, and saw 14 of its levels.

You collected 385 gold pieces.

Inventory:

Hand Weapons
 k - a +2 dagger of venom
 r - a +2 hunting sling of flaming
 s - a +0 short sword of venom
 u - a +0 club of chaos
 v - a +0 club of chaos
 w - a +2 spear of chaos (weapon)
 B - a +1 hand axe of venom
 I - a +0 war axe
 K - a +0 whip of freezing
 M - a +0 flail of crushing
 N - a +0 shortbow
 O - a +2 scythe of venom
 R - a +2 dagger of freezing
 T - a +0 arbalest
 W - a +0 morningstar
Missiles
 l - 73 stones (quivered)
 x - 114 arrows
 D - 9 tomahawks
Armour
 f - the +5 ring mail "Rorrox" (worn) {rElec Int+9}
   (You found it on level 3 of the Lair of Beasts)

   It affects your intelligence (+9).
   It insulates you from electricity.
 i - a +0 pair of gloves (worn)
 E - a +0 leather armour of poison resistance
 Y - a +1 robe of cold resistance
Magical Staves
 Z - an uncursed staff of cold
Jewellery
 g - a cursed ring of positive energy (left hand)
 C - a +2 ring of strength (right hand)
Wands
 b - a wand of paralysis (12)
 A - a wand of random effects (16)
 F - a wand of polymorph (12)
 G - a wand of iceblast (8)
Scrolls
 d - 3 scrolls of magic mapping
 h - a scroll of enchant weapon {unknown}
 n - 4 scrolls of remove curse {unknown}
 q - 2 scrolls of enchant armour
 y - a scroll of blinking {unknown}
 z - 2 scrolls of fog
 H - a scroll of teleportation {unknown}
 J - a scroll of fear {unknown}
 S - 2 scrolls of noise {unknown}
 U - 3 scrolls of torment {unknown}
 X - a scroll of immolation {unknown}
Potions
 j - 2 potions of invisibility {unknown}
 m - a potion of brilliance {unknown}
 p - 3 potions of curing {unknown}
 P - a potion of agility {unknown}
 Q - a potion of lignification {unknown}
 V - a potion of cancellation {unknown}
Comestibles
 c - 14 rations


   Skills:
 + Level 11.2 Fighting
 + Level 13.7(14.2) Axes
 * Level 7.1(11.3) Polearms
 + Level 0.3 Throwing
 + Level 11.5 Armour
 + Level 6.3 Dodging
 + Level 2.3 Stealth


You had 10 spell levels left.
You didn't know any spells.
Your spell library was empty.

Dungeon Overview and Level Annotations

Branches:
Dungeon (8/15)             Temple (0/1) D:4            Lair (6/6) D:8
  Swamp: Lair:2-4    Shoals: Lair:2-4     Snake: Lair:2-4    Spider: Lair:2-4
  Slime: Lair:5-6

Altars:
Elyvilon
Qazlal
Trog
Xom
The Shining One

Shops:
D:5 [

Annotations:
Lair:5 Josephine


Innate Abilities, Weirdness & Mutations

You reflexively headbutt those who attack you in melee.
You have a pair of horns on your head.


Message History

A killer bee comes into view.
You barely miss Josephine. The killer bee barely misses you. x2
You furiously retaliate!
You headbutt the killer bee!!
You kill the killer bee!
Trog accepts your kill. Josephine hits you with a +0 dagger.
* * * LOW HITPOINT WARNING * * *
You hit Josephine but do no damage. The wraith closely misses you.
You furiously retaliate!
You headbutt the wraith. You puncture Josephine! You burn Josephine.
Josephine is moderately wounded.
A killer bee comes into view.
Josephine hits you with a +0 dagger.
* * * LOW HITPOINT WARNING * * *
The wraith closely misses you. The yak misses you.
The killer bee buzzes angrily.
You puncture Josephine! You burn Josephine.
Josephine is heavily wounded.
Josephine hits you with a +0 dagger!
You die...

###............
#.#............
##..Y..........
#..............
#............
#............ ##
#....>.......
#.##W...........
##.#.#@#.†..........
......W@YWy..........
.......Wy.y..........
.........D...........
.............y.......
.#.#P##.#............
#### ##...........
#........ P.....≈.#


You could see a four-headed hydra, Josephine, a yak, 3 wraiths and 4 killer
bees.

Vanquished Creatures
  Fannar (Lair:3)
  2 hydras
  Pikel (D:6)
  An elephant (Lair:5)
  5 spiny frogs
  4 black mambas
  Joseph (D:7)
  3 komodo dragons
  9 blink frogs
  A hippogriff (D:8)
  Sigmund (D:6)
  5 yaks (Lair:2)
  A basilisk (Lair:1)
  A hungry ghost (D:7)
  12 water moccasins
  5 porcupines
  Duvessa (D:6)
  2 ice beasts
  2 slaves (D:6)
  An orc warrior (D:7)
  A phantom (D:8)
  4 wolves
  3 centaurs
  5 crocodiles
  A big kobold (D:8)
  10 bullfrogs
  Dowan (D:6)
  9 killer bees
  2 howler monkeys
  A crimson imp (D:8)
  A jelly (D:7)
  A quasit (D:8)
  3 hounds
  An orc priest (D:7)
  An orc wizard (D:7)
  2 bullfrog skeletons
  An iguana (D:6)
  8 worker ants
  A hound skeleton (D:6)
  A worker ant zombie (D:5)
  Robin (D:2)
  7 adders
  A shadow imp (D:7)
  An ooze (D:2)
  2 worms
  3 dart slugs
  5 leopard geckos
  27 orcs
  6 giant cockroaches
  3 hobgoblins
  2 quokkas
  3 bats
  4 frilled lizards
  16 goblins
  13 kobolds
  A quokka skeleton (D:7)
  2 rats
  A fungus (Lair:3)
  4 plants (D:8)
218 creatures vanquished.

Vanquished Creatures (collateral kills)
  A porcupine (Lair:3)
1 creature vanquished.

Vanquished Creatures (others)
  An orc priest (D:6)
  A worm (D:6)
  3 orcs (D:6)
  4 fungi
  8 plants
17 creatures vanquished.

Grand Total: 236 creatures vanquished

Notes
Turn   | Place    | Note
-------+----------+-------------------------------------------
     0 | D:1      | bananamassacre the Minotaur Berserker began the quest for
                  | the Orb.
     0 | D:1      | Reached XP level 1. HP: 19/19 MP: 0/0
   133 | D:1      | Reached XP level 2. HP: 16/27 MP: 1/1
   135 | D:1      | Reached skill level 4 in Axes
   804 | D:2      | Noticed Robin
   807 | D:2      | Reached XP level 3. HP: 33/33 MP: 2/2
   824 | D:2      | Killed Robin
   824 | D:2      | Reached ** piety under Trog
  1374 | D:3      | Reached XP level 4. HP: 41/41 MP: 3/3
  1438 | D:3      | Found a white marble altar of Elyvilon.
  1438 | D:3      | Found a bloodstained altar of Trog.
  1439 | D:3      | Found a glowing golden altar of the Shining One.
  1497 | D:3      | Reached skill level 5 in Axes
  1784 | D:4      | Reached XP level 5. HP: 36/47 MP: 4/4
  1791 | D:4      | Noticed a centaur
  1798 | D:4      | Killed a centaur
  1798 | D:4      | Reached skill level 6 in Axes
  1800 | D:4      | Reached skill level 5 in Fighting
  1800 | D:4      | Reached XP level 6. HP: 22/56 MP: 5/5
  2086 | D:4      | Found a staircase to the Ecumenical Temple.
  2389 | D:4      | Found a shimmering altar of Xom.
  2764 | D:5      | Entered Level 5 of the Dungeon
  2942 | D:6      | Noticed Sigmund
  3258 | D:5      | Found Liskaill's Armour Boutique.
  3443 | D:6      | Noticed Dowan
  3445 | D:6      | Noticed Duvessa
  3449 | D:6      | Killed Dowan
  3449 | D:6      | Reached skill level 7 in Axes
  3450 | D:6      | Reached *** piety under Trog
  3455 | D:6      | Killed Duvessa
  3455 | D:6      | Reached XP level 7. HP: 62/62 MP: 6/6
  3566 | D:6      | Noticed Pikel
  3587 | D:6      | Killed Pikel
  3587 | D:6      | Reached skill level 8 in Axes
  3587 | D:6      | Reached skill level 5 in Armour
  3587 | D:6      | Reached XP level 8. HP: 42/71 MP: 7/7
  3753 | D:6      | Reached skill level 1 in Stealth
  3905 | D:6      | Killed Sigmund
  3905 | D:6      | Reached skill level 9 in Axes
  4190 | D:7      | Noticed Joseph
  4201 | D:7      | Killed Joseph
  4228 | D:6      | Reached skill level 10 in Axes
  4378 | D:7      | Reached XP level 9. HP: 58/79 MP: 8/8
  4703 | D:7      | Reached **** piety under Trog
  4724 | D:8      | Reached skill level 11 in Axes
  4759 | D:8      | Found a stormy altar of Qazlal.
  5069 | D:8      | Found a staircase to the Lair.
  5070 | D:8      | Noticed a komodo dragon
  5086 | D:8      | HP: 2/81 [komodo dragon (17)]
  5088 | D:8      | Killed a komodo dragon
  5368 | Lair:1   | Entered Level 1 of the Lair of Beasts
  5754 | Lair:1   | Reached XP level 10. HP: 76/90 MP: 9/9
  5990 | Lair:2   | Reached skill level 12 in Axes
  6265 | Lair:2   | Reached skill level 5 in Dodging
  6705 | Lair:2   | Noticed a spiny frog
  6715 | Lair:2   | Killed a spiny frog
  6715 | Lair:2   | Reached skill level 10 in Armour
  6723 | Lair:2   | Noticed a spiny frog
  6741 | Lair:2   | Killed a spiny frog
  6959 | Lair:2   | Reached skill level 13 in Axes
  6960 | Lair:2   | Reached skill level 10 in Fighting
  7126 | Lair:3   | Noticed a black mamba
  7139 | Lair:3   | Killed a black mamba
  7139 | Lair:3   | Reached XP level 11. HP: 90/100 MP: 10/10
  7143 | Lair:3   | Noticed Fannar
  7194 | Lair:3   | Killed Fannar
  7462 | Lair:3   | Got a jewelled ring mail
  7473 | Lair:3   | Identified the +5 ring mail "Rorrox" {rElec Int+9} (You
                  | found it on level 3 of the Lair of Beasts)
  7802 | Lair:3   | Reached skill level 1 in Polearms
  9178 | Lair:5   | Reached skill level 5 in Polearms
  9231 | Lair:6   | Entered Level 6 of the Lair of Beasts
  9623 | Lair:6   | Noticed an eight-headed hydra
  9640 | Lair:6   | Killed an eight-headed hydra
  9855 | Lair:6   | Noticed a four-headed hydra
  9875 | Lair:5   | Noticed Josephine
  9878 | Lair:5   | Killed a four-headed hydra
  9879 | Lair:5   | Noticed a four-headed hydra
  9883 | Lair:5   | HP: 3/102 [Josephine/+0 dagger (6)]
  9884 | Lair:5   | Slain by Josephine

Skill      XL: |  1  2  3  4  5  6  7  8  9 10 11 |
---------------+----------------------------------+-----
Axes           | 4 5 6 7 8 10 11 13 | 13.7
Fighting       | 4 5 6 7 8 10 11 | 11.2
Dodging        | 3 4 5 6 |  6.3
Armour         | 3 4 5 6 8 10 11 | 11.5
Stealth        | 1 2 |  2.3
Polearms       | 7 |  7.1
Throwing       | |  0.3

Action                   |  1- 3 |  4- 6 |  7- 9 | 10-12 || total
-------------------------+-------+-------+-------+-------++-------
Melee: Hand axe          |    75 |   120 |   202 |   136 ||   533
       Headbutt          |     8 |    14 |    44 |    55 ||   121
       Spear             |       |       |       |   116 ||   116
       Scythe            |       |       |       |    37 ||    37
Throw: Stone             |       |     1 |       |       ||     1
Invok: Berserk           |     1 |     2 |     5 |     3 ||    11
       Brothers in Arms  |       |       |       |     2 ||     2
       Trog's Hand       |       |       |       |     1 ||     1
  Use: Scroll            |       |     1 |     2 |     1 ||     4
       Potion            |       |       |       |     1 ||     1
  Eat: Chunk             |     1 |     5 |     7 |     8 ||    21
       Ration            |     1 |       |     3 |     2 ||     6
Armor: Animal skin       |     6 |       |       |       ||     6
       Ring mail         |     4 |    27 |     4 |    80 ||   115
       Scale mail        |       |       |    11 |       ||    11
       Chain mail        |       |       |    81 |    39 ||   120
Dodge: Dodged            |    41 |    81 |    95 |   254 ||   471
